 Dungeon Crawl Stone Soup version 0.31.0-11-ge490571c62 (webtiles) character file.

Game seed: 4119386795993594016

43 stipulation the Grave Robber (level 3, 0/16 HPs)
             Began as a Vine Stalker Necromancer on Jan 27, 2024.
             Slain by an orc wizard
             ... wielding a +0 dagger
              (3 damage)
             ... on level 3 of the Dungeon.
             The game lasted 00:02:04 (1669 turns).

stipulation the Grave Robber (VSNe)                 Turns: 1669, Time: 00:02:05

Health: 0/16       AC:  2    Str: 10    XL:     3   Next: 58%
Magic:  0/8        EV: 17    Int: 17    God:
Gold:   130        SH:  0    Dex: 14    Spells: 7/8 levels left

rFire   . . .        c - +0 dagger
rCold   . . .        (no shield)
rNeg    . . .        a - +0 robe
rPois   .            (no helmet)
rElec   .            (no cloak)
rCorr   .            (no gloves)
SInv    .            (no boots)
Will    .....        (no amulet)
Stlth   ++           j - +5 ring of evasion
HPRegen 1.02/turn    (no ring)
MPRegen 0.11/turn

%: guardian spirit
@: no status effects
A: fangs 2, regeneration 1, magic shield, antimagic bite, no potion heal 2
a: no special abilities


You were on level 3 of the Dungeon.
You visited 1 branch of the dungeon, and saw 3 of its levels.

You collected 130 gold pieces.

Inventory:

Hand Weapons
 c - a +0 dagger (weapon)
Armour
 a - a +0 robe (worn)
Jewellery
 j - a +5 ring of evasion (left hand)
 p - a +4 ring of slaying
Scrolls
 d - 2 scrolls of identify {unknown}
 g - 3 scrolls of teleportation {unknown}
 i - a scroll of enchant armour {unknown}
 k - a scroll of noise {unknown}
 l - a scroll of revelation {unknown}
 m - a scroll of vulnerability {unknown}
 o - a scroll of silence {unknown}
Potions
 b - a potion of magic
 e - a potion of heal wounds {unknown}
 f - a potion of degeneration {unknown}
 h - 2 potions of ambrosia {unknown}
 n - a potion of curing {unknown}


   Skills:
 - Level 1.5 Dodging
 - Level 2.4 Stealth
 + Level 3.2 Spellcasting
 + Level 4.6 Necromancy


You had 7 spell levels left.
You knew the following spells:

 Your Spells              Type           Power      Damage    Failure   Level
a - Necrotise             Necr           72%        1d7       2%          1

Your spell library contained the following spells:

 Spells                   Type           Power      Damage    Failure   Level
 Sublimation of Blood     Necr           18%        N/A       3%          2
 Vampiric Draining        Necr           18%        2d7       8%          3
 Call Imp                 Summ           4%         N/A       26%         2
 Animate Dead             Necr           18%        N/A       26%         4
 Curse of Agony           Necr           18%        N/A       56%         5
 Vhi's Electric Charge    Tloc/Air       4%         N/A       86%         4
 Arcjolt                  Conj/Air       1%         1d11      99%         5
 Summon Hydra             Summ           1%         N/A       100%        7
 Maxwell's Capacitive Co  Air            1%         ∞         100%        8


Dungeon Overview and Level Annotations

Branches:
Dungeon (3/15)

Altars:
Okawaru
Sif Muna
The Shining One

Shops:
D:2 (

Annotations:
D:2 1 runed translucent door, Crazy Yiuf, Sigmund


Innate Abilities, Weirdness & Mutations

You have extremely sharp teeth.
Your natural rate of healing is unusually fast.
When hurt, damage is shared between your health and your magic reserves.
Your bite disrupts and absorbs the magic of your enemies.
Potions cannot restore your health.


Message History

The endoplasm barely misses your quokka skeleton.
Your quokka skeleton bites the endoplasm.
You miss something. Something hits you but does no damage.
The endoplasm hits your quokka skeleton.
Your orc skeleton hits the endoplasm but does no damage.
Your quokka skeleton bites the endoplasm.
The endoplasm dies!
You hit something. Your punch misses something. Your bite misses something.
Something hits you.
You miss something. You bite something. You drain its magic.
You feel invigorated.
A jackal comes into view.
Your orc skeleton misses something.
You barely miss something. You bite something.
Something hits you but does no damage.
Casting: Necrotise (safe; 2% risk of failure)
Confirm with . or Enter, or press ? or * to list all spells.
Aiming: Necrotise (safe; 2% risk of failure)
Press: ? - help, Shift-Dir - straight line, f - jackal
Aim: a jackal (chance to affect: 88%)
Something writhes in agony.
A jackal comes into view.
Your orc skeleton barely misses something.
You hear some strange, mumbled words.
A magic dart appears from out of thin air!
The magic dart hits you!
* * * LOW HITPOINT WARNING * * *
Casting: Necrotise (safe; 2% risk of failure)
Confirm with . or Enter, or press ? or * to list all spells.
You don't have enough magic to cast this spell.
You miss something. Something hits you.
* * * LOW HITPOINT WARNING * * *
Your orc skeleton hits something but does no damage.
You closely miss something. The jackal bites your quokka skeleton.
Something closely misses you.
Your orc skeleton barely misses something.
Your quokka skeleton bites the jackal.
You barely miss something. Your bite misses something.
The jackal bites your quokka skeleton. Something hits you.
You die...

.......###_≈#...#.....>(.........
.....#..##.##...#................
.........#.'.............###.....
...#.#..##.##.....#.....## .#...
...#.#..##_~##....#...... ....#
.........####.....#####.. .....
........####.....## #.. .#..#
........# #......######.
........# #.###.@{hh....
...............ZZZZ.....
..##....................
+####+####..............
#.............. #........##...#
#...###### .... +... ...


You could see 2 jackals, a friendly quokka skeleton and 3 friendly orc
skeletons.

Vanquished Creatures
  3 orcs (D:3)
  6 bats
  7 endoplasms
  2 giant cockroaches
  4 goblins
  3 hobgoblins
  3 kobolds
  A quokka (D:3)
  2 ball pythons (D:1)
  A rat (D:2)
32 creatures vanquished.

Vanquished Creatures (collateral kills)
  A ball python (D:1)
  An endoplasm (D:3)
2 creatures vanquished.

Grand Total: 34 creatures vanquished

Notes
Turn   | Place    | Note
-------+----------+-------------------------------------------
     0 | D:1      | stipulation the Vine Stalker Necromancer began the quest
                  | for the Orb.
     0 | D:1      | Reached XP level 1. HP: 9/9 MP: 4/4
   160 | D:1      | Found a faded altar of an unknown god.
   206 | D:1      | Reached XP level 2. HP: 13/13 MP: 2/6
   910 | D:2      | Reached XP level 3. HP: 16/16 MP: 6/8
  1015 | D:2      | Found Kop Muel's Antique Weapon Shop.
  1129 | D:2      | Noticed Sigmund
  1267 | D:3      | Found a shimmering blue altar of Sif Muna.
  1345 | D:2      | Found a runed translucent door.
  1346 | D:2      | Noticed Crazy Yiuf
  1643 | D:3      | Found an iron altar of Okawaru.
  1643 | D:3      | Found a glowing golden altar of the Shining One.
  1669 | D:3      | Slain by an orc wizard

Illustrated notes

Levels and vault maps discovered:
D:1:      amcnicky_arrival_feature_with_door, layout_rooms,
          shapermc_ecumenical_altar_starsandcircs, corexii_hall_statues_l,
          minmay_pentomino_v4
D:2:      layout_basic, serial_shops, shop, uniq_crazy_yiuf_cottage,
          uniq_sigmund
D:3:      layout_basic, gammafunk_temple_overflow_elements,
          mainiacjoe_overflow_small_starburst, mainiacjoe_overflow_boulevard,
          kennysheep_generic_room_11

Skill      XL: |  1  2  3 |
---------------+----------+-----
Spellcasting   | 3 |  3.2
Dodging        | |  1.5
Stealth        | |  2.4
Necromancy     | |  4.6

Action                     || total
---------------------------++-------
  Melee: Unarmed           ||     5
         Bite              ||     4
         Dagger            ||    13
   Cast: Necrotise         ||    60
 Armour: Robe              ||    14
  Dodge: Dodged            ||    27
